 Dungeon Crawl Stone Soup version 0.26.0-10-g1f06aea511 (webtiles) character file.

Game seed: 17847625213203462574

387 trckry the Insei (level 6, -2/47 HPs)
             Began as a Draconian Transmuter on Jan 13, 2021.
             Slain by a worker ant (6 damage)
             ... on level 7 of the Dungeon.
             The game lasted 00:10:26 (4800 turns).

trckry the Insei (Draconian Transmuter)             Turns: 4800, Time: 00:10:27

Health: -2/47      AC:  6    Str: 12    XL:     6   Next: 49%
Magic:  9/9        EV: 12    Int: 15    God:
Gold:   302        SH:  0    Dex: 12    Spells: 8/9 levels left

rFire    . . .     SeeInvis .     - Unarmed
rCold    . . .     Faith    .   (no shield)
rNeg     . . .     Spirit   .   (armour unavailable)
rPois    .         Reflect  .   (helmet currently unavailable)
rElec    .         Harm     .   (no cloak)
rCorr    .         Rampage  .   (no gloves)
Will     .....                  (boots currently unavailable)
Stlth    +.........             (no amulet)
HPRegen  0.15/turn              (no ring)
MPRegen  0.11/turn              (no ring)

@: lethally poisoned (-2 -> -12), appendages
A: unfitting armour, horns 2, talons 2, cold-blooded, AC +6
a: End Transformation


You were on level 7 of the Dungeon.
You had grown temporary horns.
You had grown temporary talons.
You visited 1 branch of the dungeon, and saw 5 of its levels.

You collected 302 gold pieces.

Inventory:

Missiles
 f - 15 poisoned darts (quivered)
Armour
 p - a +0 pair of boots (melded)
 q - a +0 buckler
Jewellery
 r - a cursed ring of attention {unknown}
 s - an uncursed ring of wizardry {unknown}
Wands
 o - a wand of paralysis (7)
Scrolls
 a - a scroll of fog {unknown}
 b - 4 scrolls of magic mapping {unknown}
 d - 7 scrolls of identify {unknown}
 g - a scroll of noise {unknown}
 h - 2 scrolls of enchant weapon {unknown}
 i - 2 scrolls of fear {unknown}
 j - a scroll of enchant armour {unknown}
 n - a scroll of immolation {unknown}
 t - a scroll of amnesia {unknown}
 u - a scroll of teleportation {unknown}
 v - a scroll of remove curse {unknown}
Potions
 c - a potion of invisibility {unknown}
 e - 2 potions of flight
 k - a potion of heal wounds {unknown}
 l - a potion of berserk rage
 m - a potion of curing


   Skills:
 - Level 1.1 Fighting
 - Level 1.7 Dodging
 + Level 0.8 Shields
 * Level 5.3 Unarmed Combat
 - Level 2.0 Spellcasting
 * Level 4.7 Transmutations
 + Level 1.9 Evocations


You had 8 spell levels left.
You knew the following spells:

 Your Spells              Type           Power        Failure   Level
a - Beastly Appendage     Tmut           30%          3%          1

Your spell library contained the following spells:

 Spells                   Type           Power        Failure   Level
 Wereblood                Tmut           15%          4%          2
 Magic Dart               Conj           4%           22%         1
 Spider Form              Tmut/Pois      4%           26%         3
 Searing Ray              Conj           2%           32%         2
 Dazzling Flash           Conj/Hex       2%           54%         3
 Ice Form                 Ice/Tmut       8%           63%         4
 Blade Hands              Tmut           7%           65%         5
 Fulminant Prism          Conj/Hex       0%           91%         4
 Iskenderun's Mystic Bla  Conj/Tloc      1%           91%         4


Dungeon Overview and Level Annotations

Branches:
Dungeon (4/15)
 Temple: D:4-7

Altars:
Dithmenos
Fedhas

Shops:
D:4 [

Annotations:
D:4 dig vault


Innate Abilities, Weirdness & Mutations

Your plain brown scales are hard. (AC +6)
You cannot fit into any form of body armour.
You are cold-blooded and may be slowed by cold attacks.
You have a pair of horns on your head.
You have razor-sharp toenails.


Message History

The worker ant is heavily wounded.
The worker ant bites you.
You hit the worker ant. Your kick misses the worker ant.
The worker ant is heavily wounded.
You feel sick. The worker ant bites you.
* * * LOW HITPOINT WARNING * * *
You are more poisoned.
The worker ant poisons you!
You hit the worker ant but do no damage.
You tail-slap the worker ant.
The worker ant is severely wounded.
* * * LOW HITPOINT WARNING * * *
You feel sick. The worker ant bites you!
* * * LOW HITPOINT WARNING * * *
You hit the worker ant.
You tail-slap the worker ant, but do no damage.
The worker ant is severely wounded.
* * * LOW HITPOINT WARNING * * *
You feel sick. The worker ant bites you.
You die...

##.###... ... .
..#......#.#... #
.........K.... #.
#....#.......##
#..#..............
.!................
...?...(##.......!
#......B.)........
#.....##@##.......
......#8)8#.......
#.......).).......
#.....#8.8#....##.
......##.##.#..)..
#.... .... .. ....
#... ....../.. ...
###............ ..
............# #


You could see a worker ant.

Vanquished Creatures
  A big kobold (D:7)
  A scorpion (D:7)
  A hound (D:3)
  2 orc wizards (D:3)
  A worker ant (D:4)
  3 gnolls
  4 adders
  An adder skeleton (D:4)
  2 worms
  4 dart slugs
  8 orcs
  3 giant cockroaches
  7 goblins
  6 hobgoblins
  12 kobolds
  3 quokkas
  A ball python (D:2)
  8 bats
  10 frilled lizards
  8 rats
86 creatures vanquished.

Vanquished Creatures (others)
  3 plants (D:2)
3 creatures vanquished.

Grand Total: 89 creatures vanquished

Notes
Turn   | Place    | Note
-------+----------+-------------------------------------------
     0 | D:1      | trckry the Draconian Transmuter began the quest for the
                  | Orb.
     0 | D:1      | Reached XP level 1. HP: 16/16 MP: 3/3
   255 | D:1      | Reached XP level 2. HP: 22/23 MP: 3/5
  1135 | D:2      | Reached XP level 3. HP: 28/28 MP: 4/6
  1519 | D:2      | Found a blossoming altar of Fedhas.
  2065 | D:3      | Reached skill level 4 in Unarmed Combat
  2302 | D:3      | Reached XP level 4. HP: 35/35 MP: 5/7
  3159 | D:3      | Reached XP level 5. HP: 34/40 MP: 6/8
  3415 | D:3      | Reached skill level 1 in Evocations
  3463 | D:3      | HP: 4/40 [poisoned by a worker ant]
  3469 | D:3      | HP: 3/40 [poisoned by a worker ant]
  3477 | D:3      | HP: 2/40 [poisoned by a worker ant]
  3816 | D:4      | Found Tulloelo's Antique Armour Shoppe.
  4162 | D:4      | Reached skill level 5 in Unarmed Combat
  4485 | D:4      | Found a shadowy altar of Dithmenos.
  4511 | D:4      | Reached XP level 6. HP: 47/47 MP: 7/9
  4668 | D:4      | You fall into a shaft and drop 3 floors!
  4800 | D:7      | HP: 4/47 [poisoned by a worker ant]
  4800 | D:7      | Slain by a worker ant

Illustrated notes

Levels and vault maps discovered:
D:1:      dpeg_arrival_arbitrary_b, layout_basic,
          corexii_item_surrounded_by_moat
D:2:      layout_rooms, nicolae_overflow_hidden_temple, serial_forest,
          infiniplex_forest_lined_room_3, infiniplex_forest_clump_cross,
          infiniplex_forest_straight_2, infiniplex_forest_lined_2,
          infiniplex_forest_side_room, infiniplex_forest_clump_diagonal,
          infiniplex_forest_end_2, minmay_circle_x
D:3:      layout_loops_corners, grunt_ministairs_9
D:4:      layout_cave_pools, lemuel_round_altar, serial_glass, glass_columns_b,
          glass_columns_a, feat_on_display, due_unseen_surprise,
          feat_on_display, item_on_display_a, serial_shops,
          nicolae_shop_competitors_out_of_business
D:7:      gammafunk_cloud_chamber, layout_cave_pools, kennysheep_little_box,
          nemelex_xobeh_ov_fountains_minmay, zin_purify, lemuel_round_altar,
          makhleb_heckhound_becter, minmay_temple_entry_junction,
          minmay_misc_feat_encased, small_statue_intersection,
          dk_noncrumbling_2, serial_bayou_ford_a, minmay_increasing_density

Skill      XL: |  1  2  3  4  5 |
---------------+----------------+-----
Transmutations | 3 4 |  4.7
Unarmed Combat | 4 5 |  5.3
Evocations     | 1 |  1.9
Fighting       | |  1.1
Dodging        | |  1.7
Shields        | |  0.8
Spellcasting   | |  2.0

Action                   |  1- 3 |  4- 6 || total
-------------------------+-------+-------++-------
Melee: Unarmed           |   118 |   147 ||   265
       Kick              |    24 |    28 ||    52
       Headbutt          |    10 |    25 ||    35
       Tailslap          |    10 |    13 ||    23
       Punch             |     1 |     2 ||     3
 Cast: Beastly Appendage |    22 |    28 ||    50
  Use: Potion            |       |     3 ||     3
 Stab: Sleeping          |     1 |       ||     1
Armor: Skin              |    33 |    38 ||    71
Dodge: Dodged            |    78 |    73 ||   151
